 Dungeon Crawl Stone Soup version 0.25.0-15-gac7dcb8919 (webtiles) character file.

Game seed: 9989887429765768981

3182 mortelune the Skirmisher (level 9, -14/72 HPs)
             Began as a Demonspawn Chaos Knight on June 29, 2020.
             Was a Plaything of Xom.
             Killed from afar by a wolf (39 damage)
             ... with an exploding inner flame
             ... hexed by the player character
             ... on level 9 of the Dungeon.
             The game lasted 00:16:41 (7449 turns).

mortelune the Skirmisher (Demonspawn Chaos Knight)  Turns: 7449, Time: 00:16:42

Health: -14/72     AC: 17    Str: 16 (17) XL:     9   Next: 64%
Magic:  9/9        EV:  5    Int: 15      God:    Xom [.*....]
Gold:   296        SH:  0    Dex: 12      Spells: 8/8 levels left

rFire    . . .     SeeInvis .   B - +0 war axe (elec)
rCold    . . .     Gourm    .   (no shield)
rNeg     . . .     Faith    .   q - +0 plate armour
rPois    .         Spirit   .   (helmet restricted)
rElec    .         Reflect  .   w - +1 cloak
rCorr    .         Harm     .   j - +1 pair of gloves
MR       +....                  (no boots)
Stlth    ..........             F - amulet of the acrobat
HPRegen  0.22/turn              o - ring of flight
MPRegen  0.11/turn              (no ring)

@: confused, about to teleport
A: claws 2, horns 2, talons 2, clever 1, demonic guardian 1, deterioration 2,
magic resistance 1, mutation resistance 1, powered by pain 1, screaming 2
a: Renounce Religion, Evoke Flight


You were on level 9 of the Dungeon.
You worshipped Xom.
You were a plaything of Xom.
You were not hungry.

You visited 1 branch of the dungeon, and saw 9 of its levels.

You collected 416 gold pieces.
You spent 120 gold pieces at shops.

Inventory:

Hand Weapons
 a - a +0 hand axe of chaos
 l - a +0 hand axe
 v - a +0 war axe
 B - a +0 war axe of electrocution (weapon)
Armour
 b - a +2 leather armour
 f - a +0 ring mail
 j - a +1 pair of gloves (worn)
 n - a +1 helmet
 q - a +0 plate armour (worn)
 w - a +1 cloak (worn)
Jewellery
 o - a ring of flight (left hand)
 F - an amulet of the acrobat (around neck)
 J - an uncursed amulet of magic regeneration {unknown}
Wands
 x - a wand of random effects (10)
 D - a wand of digging (3)
 E - a wand of flame (26)
Scrolls
 i - 5 scrolls of identify
 k - 2 scrolls of enchant armour
 m - 3 scrolls of random uselessness
 s - 2 scrolls of remove curse
 u - a scroll of enchant weapon
Potions
 d - 3 potions of degeneration {unknown}
 e - 7 potions of heal wounds
 g - 4 potions of curing {unknown}
 h - a potion of experience {unknown}
 p - 2 potions of mutation
 r - 2 potions of haste
 t - 3 potions of might
 z - 2 potions of flight {unknown}
 A - 2 potions of lignification {unknown}
 G - a potion of berserk rage {unknown}
 H - a potion of stabbing {unknown}
Comestibles
 c - 21 rations
 I - a chunk of flesh


   Skills:
 + Level 7.5 Fighting
 - Level 5.4 Axes
 + Level 6.5 Armour
 - Level 0.8 Dodging
 * Level 7.2 Unarmed Combat


You had 8 spell levels left.
You didn't know any spells.
Your spell library contained the following spells:

 Spells                   Type           Power        Failure   Level  Hunger
 Beastly Appendage        Tmut           #.....       100%        1    ##.....
 Corona                   Hex            #......      100%        1    ##.....
 Ensorcelled Hibernation  Hex/Ice        #.....       100%        2    ###....
 Slow                     Hex            #.......     100%        2    ###....
 Sticks to Snakes         Tmut           #.......     100%        2    ###....
 Confusing Touch          Hex            #.......     100%        3    ####...
 Dazzling Flash           Conj/Hex       #.....       100%        3    ####...
 Inner Flame              Hex/Fire       #.......     100%        3    ####...
 Portal Projectile        Hex/Tloc       #.....       100%        3    ####...
 Spider Form              Tmut/Pois      #.........   100%        3    ####...
 Tukima's Dance           Hex            #.......     100%        3    ####...
 Cause Fear               Hex            #.........   100%        4    #####..
 Ice Form                 Ice/Tmut       #.......     100%        4    #####..
 Leda's Liquefaction      Hex/Erth       #.........   100%        4    #####..
 Blade Hands              Tmut           #.........   100%        5    ######.


Dungeon Overview and Level Annotations

Branches:
Dungeon (9/15)             Temple (0/1) D:7
   Lair: D:8-11         Orc: D:9-12

Altars:
Dithmenos
Hepliaklqana
Kikubaaqudgha
Makhleb
Nemelex Xobeh
Okawaru
Qazlal
Sif Muna
Uskayaw
Xom
Yredelemnul
Zin

Shops:
D:4 =   D:7 *:=*   D:9 %

Annotations:
D:7 2 transporters


Innate Abilities, Weirdness & Mutations

You have a pair of horns on your head.
You have razor-sharp toenails.
A weak demonic guardian rushes to your aid.
You sometimes gain a little power by taking damage.
You have very sharp fingernails.
Your mind is acute. (Int +2)
Your body often deteriorates upon taking damage.
You are resistant to hostile enchantments. (MR+)
You are somewhat resistant to further mutation.
You sometimes yell uncontrollably at your foes.


Message History

The black bear closely misses the crocodile.
The black bear barely misses itself.
The black bear claws itself.
Flame seeps out of the black bear.
The black bear barely misses itself.
The crocodile bites the basilisk!!
Flame seeps out of the basilisk.
The basilisk is engulfed in blazing flames.
Flame seeps out of the basilisk.
The basilisk bites the basilisk.
Flame seeps out of the basilisk.
The basilisk bites itself!!
The basilisk explodes!
The fiery explosion engulfs the porcupine!!
The porcupine explodes!
The fiery explosion engulfs the basilisk!!
The basilisk explodes!
The fiery explosion engulfs the crocodile!!
The crocodile explodes!
The fiery explosion engulfs the wolf!!!
The wolf explodes!
The fiery explosion engulfs you!!!
Ouch! That really hurt!
You die...
Xom chortles!

######..##...#..............
.............................
########..#...#..............
##÷#...#......#.#.....
#..####......#.#..... ##.##
######.#.#..(.. #..#
#.#)#..... ##.## #.#.#.....
#§@# #.###... #####○#######
#. #### #...§○○.....#
#..§§○th....# #....§s.....#
######.P.P... ### ....... #..
....... #.# ..P.... #


You could see a crocodile (confused), a black bear (inner flame, confused) and a
scorpion (inner flame, confused).

Vanquished Creatures
  A troll (shapeshifter) (D:9)
  A hippogriff (D:6)
  A spriggan (D:7)
  A water moccasin (D:6)
  An ice beast (D:5)
  An orc warrior (D:6)
  2 centaurs
  2 ogres
  A wolf (D:9)
  A wyvern zombie (D:7)
  3 bullfrogs
  3 howler monkeys (D:7)
  2 bullfrog zombies (D:6)
  2 crimson imps
  3 orc priests
  2 centaur zombies (D:6)
  3 hounds
  A jelly (D:7)
  2 iguanas (D:7)
  7 orc wizards
  4 worker ants
  3 hound zombies
  2 hound skeletons
  Robin (D:2)
  2 howler monkey zombies (D:6)
  A worker ant zombie (D:6)
  10 adders
  2 shadow imps
  An ooze (D:1)
  4 adder zombies
  2 adder skeletons
  2 worms
  A dart slug (D:2)
  10 leopard geckos
  16 orcs
  A giant cockroach (D:6)
  17 goblins
  9 hobgoblins
  9 jackals
  A quokka (D:3)
  2 ball pythons
  9 bats
  8 frilled lizards
  A jackal zombie (D:7)
  7 kobolds
  A leopard gecko zombie (D:6)
  A quokka skeleton (D:4)
  A quokka zombie (D:6)
  9 rats
177 creatures vanquished.

Vanquished Creatures (collateral kills)
  A fire bat (shapeshifter) (D:4)
  A sky beast (D:7)
  An ice beast (D:5)
  A phantom (D:4)
  2 ogres
  A hound (D:6)
  2 orc wizards
  A worker ant (D:6)
  A killer bee zombie (D:6)
  An adder (D:5)
  A worm (D:4)
  A leopard gecko (D:6)
  5 orcs
19 creatures vanquished.

Grand Total: 196 creatures vanquished

Notes
Turn   | Place    | Note
-------+----------+-------------------------------------------
     0 | D:1      | mortelune the Demonspawn Chaos Knight began the quest for
                  | the Orb.
     0 | D:1      | Reached XP level 1. HP: 18/18 MP: 1/1
    52 | D:1      | XOM: divination: magic mapping
   248 | D:1      | Gained mutation: You have a pair of small horns on your
                  | head. [demonic ancestry]
   248 | D:1      | Reached XP level 2. HP: 24/24 MP: 2/2
   400 | D:1      | XOM: scenery: create altars
   704 | D:1      | Gained mutation: You have sharp toenails. [demonic
                  | ancestry]
   704 | D:1      | Reached XP level 3. HP: 29/29 MP: 3/3
   717 | D:1      | XOM: cleaving
   726 | D:1      | XOM: give mutations
   726 | D:1      | Gained mutation: Your mind is acute. (Int +2) [Xom's grace]
   726 | D:1      | Gained mutation: You have sharp fingernails. [Xom's grace]
   726 | D:1      | Gained mutation: You are somewhat resistant to further
                  | mutation. [Xom's grace]
   726 | D:1      | Gained mutation: You have razor-sharp toenails. [Xom's
                  | grace]
  1257 | D:2      | Found an iron altar of Okawaru.
  1412 | D:2      | XOM: god gift: 4 rations
  1654 | D:2      | XOM: god gift: hand axe {god gift}
  1772 | D:2      | Gained mutation: A weak demonic guardian rushes to your
                  | aid. [demonic ancestry]
  1772 | D:2      | Reached XP level 4. HP: 20/37 MP: 4/4
  1954 | D:2      | Noticed Robin
  1969 | D:2      | Killed Robin
  2471 | D:2      | Found a glowing silver altar of Zin.
  2471 | D:2      | Found a stormy altar of Qazlal.
  2476 | D:2      | Found a hazy altar of Hepliaklqana.
  2655 | D:3      | Gained mutation: You sometimes gain a little power by
                  | taking damage. [demonic ancestry]
  2655 | D:3      | Reached XP level 5. HP: 33/42 MP: 5/5
  3017 | D:3      | XOM: 3-stop teleportation journey
  3090 | D:3      | Found a faded altar of an unknown god.
  3274 | D:4      | Noticed a phantom
  3274 | D:4      | Noticed a shapeshifter
  3274 | D:4      | an orc changed into a shapeshifter
  3274 | D:4      | Noticed a hornet
  3274 | D:4      | a shapeshifter changed into a hornet
  3275 | D:4      | XOM: summons friendly crimson imp
  3275 | D:4      | Paralysed by a hornet for 2 turns
  3280 | D:4      | Noticed a hog
  3288 | D:4      | Noticed a fire bat
  3288 | D:4      | a hog changed into a fire bat
  3291 | D:4      | Killed a fire bat
  3291 | D:4      | Mutation became permanent: You have sharp toenails.
                  | [demonic ancestry]
  3291 | D:4      | Gained mutation: You have razor-sharp toenails. [demonic
                  | ancestry]
  3291 | D:4      | Reached XP level 6. HP: 20/49 MP: 6/6
  3302 | D:4      | XOM: summons friendly shadow imp
  3689 | D:4      | XOM: god gift: 11 stones
  3709 | D:4      | Found a shadowy altar of Dithmenos.
  3821 | D:4      | Reached skill level 5 in Axes
  3960 | D:4      | XOM: summons friendly white imp
  3968 | D:4      | XOM: cloud trail
  4185 | D:4      | XOM: 3-stop teleportation journey
  4291 | D:4      | XOM: god gift: 16 stones
  4366 | D:4      | Found Tiacih's Jewellery Shop.
  4518 | D:5      | Entered Level 5 of the Dungeon
  4518 | D:5      | Noticed an ice beast
  4526 | D:5      | Killed an ice beast
  4526 | D:5      | Reached XP level 7. HP: 42/55 MP: 7/7
  4571 | D:5      | XOM: scenery: create altars
  4635 | D:5      | XOM: give mutations
  4635 | D:5      | Gained mutation: Your flesh is heat resistant. (rF+) [Xom's
                  | grace]
  4635 | D:5      | Gained mutation: You are agile. (Dex +2) [Xom's grace]
  4635 | D:5      | Gained mutation: You are somewhat resistant to both further
                  | mutation and mutation removal. [Xom's grace]
  4635 | D:5      | Gained mutation: You have very sharp fingernails. [Xom's
                  | grace]
  4768 | D:5      | Reached skill level 5 in Fighting
  4768 | D:5      | Reached skill level 1 in Unarmed Combat
  4780 | D:5      | XOM: enchant monster (good)
  5262 | D:5      | XOM: 3-stop teleportation journey
  5320 | D:5      | Lost mutation: You are somewhat resistant to both further
                  | mutation and mutation removal. [potion of mutation]
  5320 | D:5      | Lost mutation: You are somewhat resistant to further
                  | mutation. [potion of mutation]
  5320 | D:5      | Lost mutation: Your flesh is heat resistant. (rF+) [potion
                  | of mutation]
  5320 | D:5      | Gained mutation: You are somewhat resistant to further
                  | mutation. [potion of mutation]
  5320 | D:5      | Gained mutation: Your flesh is heat resistant. (rF+)
                  | [potion of mutation]
  5503 | D:6      | Noticed a hippogriff
  5517 | D:6      | Killed a hippogriff
  5517 | D:6      | Gained mutation: You have a pair of horns on your head.
                  | [demonic ancestry]
  5517 | D:6      | Reached XP level 8. HP: 58/63 MP: 8/8
  5547 | D:6      | Reached skill level 5 in Armour
  5617 | D:6      | XOM: god gift: fuming black potion {god gift}
  5635 | D:6      | Noticed a +0 dagger
  5637 | D:6      | Found a hide-covered altar of Uskayaw.
  5638 | D:6      | Noticed a +0 hand axe
  5778 | D:6      | XOM: smoke on damage
  5973 | D:6      | XOM: enchant monster (good)
  6032 | D:6      | XOM: enchant monster (good)
  6033 | D:6      | Reached skill level 5 in Unarmed Combat
  6067 | D:6      | You fall into a shaft and drop 3 floors!
  6095 | D:7      | Found Lileikafiw's General Store.
  6095 | D:7      | Found Etegh's Book Shoppe.
  6150 | D:7      | XOM: scenery: create altars
  6181 | D:7      | Reached XP level 9. HP: 71/71 MP: 9/9
  6230 | D:7      | XOM: summons friendly shadow imp
  6315 | D:7      | Found Loshon's General Store.
  6323 | D:7      | Bought a potion of haste for 120 gold pieces
  6363 | D:7      | Found a transporter.
  6365 | D:7      | Found a basalt altar of Yredelemnul.
  6365 | D:7      | Noticed a manticore
  6367 | D:7      | Found a shimmering blue altar of Sif Muna.
  6368 | D:7      | Found a transporter.
  6368 | D:7      | Noticed a cyclops
  6418 | D:7      | Found a staircase to the Ecumenical Temple.
  6480 | D:7      | Found an ancient bone altar of Kikubaaqudgha.
  6577 | D:7      | XOM: give mutations
  6577 | D:7      | Gained mutation: Your body sometimes deteriorates upon
                  | taking damage. [Xom's mischief]
  6577 | D:7      | Gained mutation: You are resistant to hostile enchantments.
                  | (MR+) [Xom's mischief]
  6577 | D:7      | Lost mutation: You are agile. (Dex +2) [Xom's mischief]
  6577 | D:7      | Lost mutation: Your flesh is heat resistant. (rF+) [Xom's
                  | mischief]
  6582 | D:7      | XOM is BORED!
  6582 | D:7      | XOM: give mutations
  6582 | D:7      | Gained mutation: You occasionally shout uncontrollably at
                  | your foes. [Xom's mischief]
  6582 | D:7      | Gained mutation: Your body often deteriorates upon taking
                  | damage. [Xom's mischief]
  6582 | D:7      | Gained mutation: You sometimes yell uncontrollably at your
                  | foes. [Xom's mischief]
  6702 | D:7      | Found a sparkling altar of Nemelex Xobeh.
  6739 | D:7      | XOM: polymorph iron imp -> shadow imp
  6788 | D:7      | Found a burning altar of Makhleb.
  6856 | D:7      | Found Muzxouc's Jewellery Shop.
  6858 | D:7      | XOM: noise
  6904 | D:6      | XOM: enchant monster (bad)
  6906 | D:6      | XOM: chaos upgrade
  7166 | D:9      | XOM: summons 3 hostile demons
  7390 | D:9      | Found Tulah's Food Shop.
  7440 | D:9      | XOM: polymorph wolf -> shapeshifter
  7440 | D:9      | Noticed a troll
  7440 | D:9      | a shapeshifter changed into a troll
  7441 | D:9      | a troll changed into a shapeshifter
  7441 | D:9      | XOM: polymorph troll -> shapeshifter
  7441 | D:9      | Noticed a troll
  7441 | D:9      | a shapeshifter changed into a troll
  7446 | D:9      | Killed a troll
  7448 | D:9      | XOM: confusion (+ monsters)
  7449 | D:9      | Killed from afar by a wolf

Illustrated notes

Levels and vault maps discovered:
D:1:      erik_arrival_cave_to_civilisation [erik_arrival_cave_to_hall],
          layout_basic
D:2:      layout_loops_ring, okawaru_ov_weapons_minmay, minitemple,
          dk_noncrumbling_3, hangedman_decor_clover_reticule,
          minmay_fountain_box, minmay_misc_feat_iff, grunt_decor_resistance,
          minmay_misc_feat_roman, uniq_robin
D:3:      layout_basic, chequers_ecumenical_altar_simple_redux, first_ration,
          glass_columns_a
D:4:      layout_basic, grunt_dithmenos_shadows, serial_shops,
          nicolae_shop_window_shopping
D:5:      layout_loops_ring
D:6:      layout_cave_pools, dancing_weapons_uskayaw, serial_undead,
          serial_undead_f, serial_undead_b, serial_undead_e, serial_undead_a,
          serial_undead_a, serial_undead_d
D:7:      layout_rooms, old_standard_altar, marbit_many_paths, kennysheep_mini,
          gammafunk_temple_overflow_arena, minmay_temple_entry_glass,
          serial_shops, shop, kennysheep_mini_moat, shop, nicolae_shop_crystal,
          serial_glass, glass_columns_a, glass_columns_a, the_bakery
D:8:      layout_basic, lemuel_round_altar, kennysheep_cross_room,
          minmay_small_thing, uniq_gastronok
D:9:      layout_basic, lemuel_round_altar, minmay_lair_entry_grove,
          serial_shops, shop

Skill      XL: |  1  2  3  4  5  6  7  8  9 |
---------------+----------------------------+-----
Armour         | 2 3 4 5 6 |  6.5
Axes           | 3 4 5 |  5.4
Fighting       | 4 5 6 7 |  7.5
Unarmed Combat | 3 5 7 |  7.2
Dodging        | |  0.8

Action                   |  1- 3 |  4- 6 |  7- 9 || total
-------------------------+-------+-------+-------++-------
Melee: Hand axe          |   101 |   103 |       ||   204
       Headbutt          |    12 |    24 |    34 ||    70
       Unarmed           |    13 |       |       ||    13
       Kick              |    11 |    27 |    62 ||   100
       War axe           |       |    51 |   214 ||   265
       Punch             |       |       |     1 ||     1
  Use: Scroll            |       |     7 |     2 ||     9
       Potion            |       |       |     2 ||     2
 Stab: Distracted        |       |     2 |     1 ||     3
       Petrifying        |       |       |     1 ||     1
       Paralysed         |       |       |     3 ||     3
       Petrified         |       |       |     2 ||     2
  Eat: Chunk             |     3 |     8 |    10 ||    21
Armor: Leather armour    |    42 |    19 |       ||    61
       Plate armour      |       |    99 |   210 ||   309
Dodge: Dodged            |    90 |    43 |    69 ||   202
